 Dungeon Crawl Stone Soup version 0.28-a0-8-g6e044cfa68 (webtiles) character file.

Game seed: 2353696848240353916

1 Spectrina the Magician (level 1, 0/15 HPs)
             Began as a Djinni Necromancer on July 24, 2021.
             Slain by an adder zombie (1 damage)
             ... on level 1 of the Dungeon.
             The game lasted 00:00:16 (41 turns).

Spectrina the Magician (Djinni Necromancer)           Turns: 41, Time: 00:00:16

Health: 0/15       AC:  2    Str:  7    XL:     1   Next: 22%
Gold:   0          EV: 12    Int: 16    God:
                   SH:  0    Dex: 13

rFire   + + .      SeeInvis .   (no weapon)
rCold   x . .      Faith    .   (no shield)
rNeg    . . .      Spirit   .   a - +0 robe
rPois   ∞          Reflect  .   (no helmet)
rElec   .          Harm     .   (no cloak)
rCorr   .          Rampage  .   (no gloves)
Will    .....                   (boots unavailable)
Stlth   ++........              (no amulet)
HPRegen 0.05/turn               (no ring)
MPRegen 0.00/turn               (no ring)

@: flying
A: sickness immunity, fire resistance 2, cold vulnerability 1, float, innate
caster, hp casting, extra vitality 1
a: no special abilities


You were on level 1 of the Dungeon.
You visited 1 branch of the dungeon, and saw 1 of its levels.

Inventory:

Armour
 a - a +0 robe (worn)


   Skills:
 - Level 2.1 Dodging
 - Level 1.5 Stealth
 + Level 3.3 Spellcasting


You couldn't memorise any spells.
You knew the following spells:

 Your Spells              Type           Power      Damage    Failure   Level
a - Pain                  Necr           52%        1d6       4%          1
b - Animate Skeleton      Necr           26%        N/A       4%          1
c - Vampiric Draining     Necr           6%         2d6       14%         3
d - Animate Dead          Necr           6%         N/A       43%         4
e - Agony                 Necr           13%        N/A       78%         5
Your spell library was empty.

Dungeon Overview and Level Annotations

Branches:
Dungeon (1/15)

Altars:


Innate Abilities, Weirdness & Mutations

You are immune to sickness and miasma.
You are immune to poison.
Your flesh is very heat resistant. (rF++)
You are vulnerable to cold. (rC-)
You float through the air rather than walking.
You learn spells naturally, not from books.
Your magical power is your life essence.
You have superior vitality. (+4 HP)


Message History

The bat zombie barely misses you. The bat zombie misses you.
The bat zombie hits you but does no damage.
You hit the bat zombie.
The bat zombie is heavily damaged.
The bat zombie barely misses you.
The bat zombie hits you but does no damage.
You hit the bat zombie.
The bat zombie is severely damaged.
The bat zombie hits you but does no damage.
The bat zombie completely misses you. The bat zombie hits you.
You hit the bat zombie.
The bat zombie is almost destroyed.
The bat zombie barely misses you. x2; The bat zombie hits you.
You hit the bat zombie but do no damage.
The bat zombie is almost destroyed.
The bat zombie hits you but does no damage. x3
You hit the bat zombie.
You destroy the bat zombie!
You hit the adder zombie.
The adder zombie is lightly damaged.
The adder zombie bites you. The adder zombie closely misses you.
You hit the adder zombie but do no damage.
The adder zombie is lightly damaged.
The adder zombie bites you.
* * * LOW HITPOINT WARNING * * *
You barely miss the adder zombie.
The adder zombie is lightly damaged.
The adder zombie bites you.
* * * LOW HITPOINT WARNING * * *
You hit the adder zombie.
The adder zombie is lightly damaged.
The adder zombie bites you.
* * * LOW HITPOINT WARNING * * *
You hit the adder zombie.
The adder zombie is moderately damaged.
The adder zombie bites you but does no damage.
You barely miss the adder zombie.
The adder zombie is moderately damaged.
The adder zombie bites you.
You die...

###+# ##+###
≈#.##♣♣.....♣♣
8.#♣≈.......≈
#.8#.........
##.##...≈♣
+..@Z...♣8♣
###.##...≈♣
#≈#.8#.......=
♣8.#♣≈.......
#≈#.##♣♣.....♣
###'### ##+###
#8...8#
#.....+
#<...8#


You could see an adder zombie.

Vanquished Creatures
  A bat zombie (D:1)
1 creature vanquished.

Notes
Turn   | Place    | Note
-------+----------+-------------------------------------------
     0 | D:1      | Spectrina the Djinni Necromancer began the quest for the
                  | Orb.
     0 | D:1      | Reached XP level 1. HP: 15/15 MP: 0/0
    41 | D:1      | Slain by an adder zombie

Illustrated notes

Levels and vault maps discovered:
D:1:      saegor_arrival_fortress, layout_rooms,
          shapermc_ecumenical_altar_petra, serial_glass, glass_columns_c,
          glass_columns_a

Action                   || total
-------------------------++-------
Melee: Unarmed           ||    26
Armor: Robe              ||    17
Dodge: Dodged            ||    36

Table legend: (Time is in decaauts)
 A = Elapsed time spent in this place.
 B = Non-inter-level travel time spent in this place.
 C = Inter-level travel time spent in this place.
 D = Time resting spent in this place.
 E = Time spent auto-exploring this place.
 F = Levels seen in this place.
 G = Mean time per level.
                   A        B        C        D        E       F      G
               +--------+--------+--------+--------+--------+-----+--------+
         Total |     41 |     41 |      0 |      0 |      0 |   1 |   41.0 |
       Dungeon |     41 |     41 |      0 |      0 |      0 |   1 |   41.0 |
               +--------+--------+--------+--------+--------+-----+--------+

Top non-repeatable levels by time:
     D:1: 41 daAuts
